 Dungeon Crawl Stone Soup version 0.27-a0-899-ge2d0b17c59 (webtiles) character file.

Game seed: 17788896062268905386

371 robertstho the Sneak (level 6, -3/66 HPs)
             Began as an Octopode Berserker on Apr 5, 2021.
             Was a Believer of Trog.
             Slain by Sigmund
             ... wielding a +5 scythe of distortion
              (16 damage)
             ... on level 4 of the Dungeon.
             The game lasted 00:03:42 (2972 turns).

robertstho the Sneak (Octopode Berserker)           Turns: 2972, Time: 00:03:43

Health: -3/66      AC:  1    Str: 18    XL:     6   Next: 71%
Magic:  6/6        EV: 18    Int:  9    God:    Trog [**....]
Gold:   177        SH:  0    Dex: 12    Spells: 5/5 levels left

rFire    . . .     SeeInvis .   e - +1 dagger (venom)
rCold    . . .     Faith    .   (no shield)
rNeg     . . .     Spirit   .   (helmet restricted)
rPois    .         Reflect  .   (no amulet)
rElec    .         Harm     .   g - ring of flight
rCorr    .         Rampage  .   k - +4 ring of evasion
Will     .....                  (no ring)
Stlth    ..........             (no ring)
HPRegen  0.21/turn              (no ring)
MPRegen  0.10/turn              (no ring)
                                (no ring)
                                (no ring)

@: berserking, flying, very quick
A: almost no armour, amphibious, 8 rings, camouflage 1, gelatinous body 1,
(nimble swimmer 1), tentacles
a: Renounce Religion, Berserk, Trog's Hand


You were on level 4 of the Dungeon.
You worshipped Trog.
Trog was pleased with you.
You visited 1 branch of the dungeon, and saw 4 of its levels.

You collected 177 gold pieces.

Inventory:

Hand Weapons
 a - a +0 short sword
 e - a +1 dagger of venom (weapon)
Missiles
 i - 10 atropa-tipped darts
Jewellery
 g - a ring of flight (left tentacle)
 k - a +4 ring of evasion (right tentacle)
Wands
 n - a wand of flame (18)
 o - a wand of mindburst (15)
Scrolls
 d - a scroll of blinking {unknown}
 f - 3 scrolls of teleportation
Potions
 c - 5 potions of lignification {unknown}
 h - a potion of degeneration {unknown}
 j - a potion of curing {unknown}
 l - a potion of flight {unknown}
 p - 2 potions of heal wounds {unknown}


   Skills:
 * Level 4.3 Fighting
 + Level 4.0 Short Blades
 * Level 4.2 Dodging
 * Level 5.9 Stealth


You had 5 spell levels left.
You didn't know any spells.
Your spell library was empty.

Dungeon Overview and Level Annotations

Branches:
Dungeon (4/15)
 Temple: D:4-7

Altars:
Ashenzari
Gozag
Qazlal

Annotations:
D:4 Sigmund


Innate Abilities, Weirdness & Mutations

You cannot wear most types of armour.
You are amphibious.
You can wear up to eight rings at the same time.
Your skin changes colour to match your surroundings (Stealth+).
Your rubbery body absorbs attacks. (AC +1, EV +1)
((You are camouflaged near water. (Stealth+)))
You have tentacles for arms and can constrict up to eight enemies at once.


Message History

The orc priest is heavily wounded.
The adder barely misses you.
Unknown command.
You closely miss the orc priest. Your grab misses the orc priest.
The orc priest is heavily wounded.
The adder bites you.
An endoplasm comes into view.
Unknown command.
You puncture the orc priest!
You kill the orc priest!
Trog accepts your kill.
Unknown command.
You barely miss the adder. You grab the adder. You squeeze the adder!
You kill the adder!
Trog accepts your kill. Something hits you! The orc misses you.
Your Short Blades skill increases to level 4!
Unknown command.
You barely miss the orc. You grab the orc.
You constrict the orc, but do no damage.
Unknown command.
You hit the orc but do no damage.
The orc is poisoned.
You squeeze the orc!
You kill the orc!
Trog accepts your kill. Something hits you! Space warps horribly around you!
* * * LOW HITPOINT WARNING * * *
Unknown command.
You are too injured to fight recklessly!
Unknown command.
You are too injured to fight recklessly!
Unknown command.
You are too injured to fight recklessly!
Unknown command.
You hit the orc.
The orc is poisoned.
You grab the orc. You squeeze the orc.
You kill the orc!
Trog accepts your kill. Something hits you.
* * * LOW HITPOINT WARNING * * *
Space warps horribly around you!
You die...

..... .... ## #..J .
.. #... .##.###
####...## #(. ...
#.......# #.#.#.# ##
#.##..))#
#.#.#.####.
......)@#
#.#........
#.##..#.#
#.###.####.
.##.##.######.....#
#.
#...........(.######
#. #..#.##..#......#
#. .) # #..#.##.#.#
#. . #..#.##.#.# ##
#..#.##.. #
?..#.###..


You could see an endoplasm.

Vanquished Creatures
  A necrophage (D:4)
  An orc priest (D:4)
  Natasha (thrice) (D:3)
  Ijyb (D:3)
  2 orc wizards (D:2)
  A howler monkey zombie (D:3)
  A gnoll (D:1)
  3 adders
  A worm (D:2)
  8 orcs
  6 endoplasms
  A giant cockroach (D:1)
  6 goblins
  3 hobgoblins
  2 quokkas
  2 ball pythons
  2 bats (D:1)
  2 frilled lizards (D:1)
  4 kobolds
  7 rats
57 creatures vanquished.

Notes
Turn   | Place    | Note
-------+----------+-------------------------------------------
     0 | D:1      | robertstho the Octopode Berserker began the quest for the
                  | Orb.
     0 | D:1      | Reached XP level 1. HP: 16/16 MP: 1/1
   239 | D:1      | Reached XP level 2. HP: 16/21 MP: 2/2
   320 | D:1      | Found a faded altar of an unknown god.
   694 | D:1      | Reached skill level 1 in Stealth
   756 | D:1      | Reached XP level 3. HP: 25/26 MP: 3/3
  1189 | D:2      | Reached skill level 2 in Stealth
  1189 | D:2      | Reached XP level 4. HP: 14/33 MP: 4/4
  1376 | D:2      | Reached ** piety under Trog
  1620 | D:2      | Found Qeahony's Distillery.
  2185 | D:3      | Noticed Natasha
  2187 | D:3      | Killed Natasha
  2188 | D:3      | Reached skill level 3 in Stealth
  2188 | D:3      | Reached XP level 5. HP: 37/37 MP: 5/5
  2201 | D:3      | Noticed Natasha
  2213 | D:3      | Killed Natasha
  2426 | D:3      | Found a broken altar of Ashenzari.
  2500 | D:3      | Found an opulent altar of Gozag.
  2506 | D:3      | Noticed Ijyb
  2515 | D:3      | Killed Ijyb
  2516 | D:3      | Reached skill level 4 in Stealth
  2624 | D:3      | Noticed Natasha
  2662 | D:3      | Found a stormy altar of Qazlal.
  2678 | D:3      | Killed Natasha
  2679 | D:3      | Reached XP level 6. HP: 43/43 MP: 6/6
  2957 | D:4      | Noticed a necrophage
  2959 | D:4      | Noticed Sigmund
  2965 | D:4      | Killed a necrophage
  2966 | D:4      | Reached skill level 5 in Stealth
  2972 | D:4      | Slain by Sigmund

Illustrated notes

Levels and vault maps discovered:
D:1:      roderic_chinese_lattice_arrival, layout_basic, basic_ecumenical_altar
D:2:      layout_rooms, serial_shops, shop, kennysheep_small_spiral
D:3:      layout_basic, lemuel_round_altar, amcnicky_altar_gilded,
          nicolae_gozag_seed_capital, uniq_natasha, uniq_ijyb
D:4:      layout_loops_cross, lemuel_crystal_altar, nicolae_zen_rock_garden,
          uniq_sigmund, uniq_duvessa

Skill      XL: |  1  2  3  4  5  6 |
---------------+-------------------+-----
Stealth        | 1 2 3 4 5 |  5.9
Fighting       | 4 |  4.3
Dodging        | 4 |  4.2
Short Blades   | 4 |  4.0

Action                   |  1- 3 |  4- 6 || total
-------------------------+-------+-------++-------
Melee: Short sword       |    41 |    12 ||    53
       Constrict         |     8 |    15 ||    23
       Tentacles         |     9 |    16 ||    25
       Dagger            |       |    58 ||    58
Invok: Berserk           |     1 |     3 ||     4
  Use: Scroll            |       |     2 ||     2
 Stab: Sleeping          |     4 |    13 ||    17
Armor: Skin              |     1 |     2 ||     3
Dodge: Dodged            |    19 |    35 ||    54

Table legend: (Time is in decaauts)
 A = Elapsed time spent in this place.
 B = Non-inter-level travel time spent in this place.
 C = Inter-level travel time spent in this place.
 D = Time resting spent in this place.
 E = Time spent auto-exploring this place.
 F = Levels seen in this place.
 G = Mean time per level.
                   A        B        C        D        E       F      G
               +--------+--------+--------+--------+--------+-----+--------+
         Total |   3001 |   2945 |     56 |    178 |   2427 |   4 |  750.2 |
       Dungeon |   3001 |   2945 |     56 |    178 |   2427 |   4 |  750.2 |
               +--------+--------+--------+--------+--------+-----+--------+

Top non-repeatable levels by time:
     D:1: 1164 daAuts
     D:2: 998 daAuts
     D:3: 667 daAuts
     D:4: 171 daAuts
